 Dungeon Crawl Stone Soup version 0.30-a0-313-gae38170b09 (webtiles) character file.

Game seed: 15625419017720269508

50 Hyperenough the Sneak (level 3, -7/16 HPs)
             Began as a Spriggan Conjurer on Oct 26, 2022.
             Killed from afar by Robin (9 damage)
             ... with a puff of flame
             ... on level 2 of the Dungeon.
             The game lasted 00:04:48 (1253 turns).

Hyperenough the Sneak (Spriggan Conjurer)           Turns: 1253, Time: 00:04:49

Health: -7/16      AC:  2    Str:  3    XL:     3   Next: 55%
Magic:  4/8        EV: 17    Int: 21    God:
Gold:   52         SH:  0    Dex: 13    Spells: 7/8 levels left

rFire   . . .      SeeInvis +    b - +0 dagger
rCold   . . .      Faith    .    (no shield)
rNeg    . . .      Spirit   .    a - +0 robe
rPois   .          Reflect  .    (helmet restricted)
rElec   .          Harm     .    (no cloak)
rCorr   .          Rampage  .    (gloves unavailable)
Will    .....                    (boots unavailable)
Stlth   ++........               (no amulet)
HPRegen 0.22/turn                (no ring)
MPRegen 0.11/turn                (no ring)

@: very quick
A: very small, no large weapons, unfitting armour, see invisible, speed 3
a: no special abilities


You were on level 2 of the Dungeon.
You visited 1 branch of the dungeon, and saw 2 of its levels.

You collected 52 gold pieces.

Inventory:

Hand Weapons
 b - a +0 dagger (weapon)
Missiles
 f - 4 poisoned darts
Armour
 a - a +0 robe (worn)
Jewellery
 e - an amulet of guardian spirit
Scrolls
 c - 2 scrolls of identify
 d - a scroll of amnesia


   Skills:
 + Level 0.2 Fighting
 + Level 3.2 Dodging
 * Level 3.8 Stealth
 * Level 3.1 Spellcasting
 + Level 3.4 Conjurations


You had 7 spell levels left.
You knew the following spells:

 Your Spells              Type           Power      Damage    Failure   Level
a - Magic Dart            Conj           68%        1d6       3%          1

Your spell library contained the following spells:

 Spells                   Type           Power      Damage    Failure   Level
 Searing Ray              Conj           34%        2d5       4%          2
 Dazzling Flash           Conj/Hex       20%        N/A       19%         3
 Fulminant Prism          Conj/Hex       5%         3d7       54%         4
 Iskenderun's Mystic Bla  Conj/Tloc      10%        2d4       54%         4


Dungeon Overview and Level Annotations

Branches:
Dungeon (2/15)

Altars:

Annotations:
D:2 Robin


Innate Abilities, Weirdness & Mutations

You are very small and have problems with some larger weapons.
You are too small for most types of armour.
You have supernaturally acute eyesight. (SInv)
You cover ground extremely quickly. (Speed+++)


Message History

The hobgoblin is heavily wounded.
The hobgoblin barely misses you.
You hit the hobgoblin.
You kill the hobgoblin!
Things that are here:
a +0 dagger; a +0 sling; a goblin corpse You start resting.
Your magical contamination has completely faded away.
You start resting.
HP restored.
Things that are here:
a +0 dagger; a +0 sling; a goblin corpse
There is a stone staircase leading down, spattered with blood here.
You climb downwards.
Level annotation: Robin
There is a stone staircase leading up here.
Casting: Magic Dart (safe; 3% risk of failure)
Confirm with . or Enter, or press ? or * to list all spells.
Aiming: Magic Dart (safe; 3% risk of failure)
Press: ? - help, Shift-Dir - straight line, f - Robin
Aim: Robin, wielding a +5 dagger of protection, wearing a +2 animal skin, wearing a +0 helmet and carrying a wand of flame (19) (100% to hit)
The magic dart hits Robin.
Robin is lightly wounded.
Robin zaps a wand.
The puff of flame hits you!
Robin hits you with a +5 dagger of protection.
Casting: Magic Dart (safe; 3% risk of failure)
Confirm with . or Enter, or press ? or * to list all spells.
Aiming: Magic Dart (safe; 3% risk of failure)
Press: ? - help, Shift-Dir - straight line, f/p - Robin
Aim: Robin, wielding a +5 dagger of protection, wearing a +2 animal skin, wearing a +0 helmet and carrying a wand of flame (18) (lightly wounded, 100% to hit)
The magic dart hits Robin but does no damage.
Robin is lightly wounded.
Robin closely misses you.
Robin hits you with a +5 dagger of protection.
* * * LOW HITPOINT WARNING * * *
You barely miss Robin.
Robin is lightly wounded.
Robin zaps a wand.
The puff of flame hits you!
Ouch! That really hurt!
You die...

#########
#.......#
#.......#
#....<..#
#...†...#
####......@#
#.⌠......†g###
#..........(.# #
#.⌠._.†......#.#
#.......####.#.#
#...⌠...#......#
...........##.###
.#>####.......#
#. ##.####..


You could see Robin.

Vanquished Creatures
  An adder (D:2)
  3 dart slugs
  2 ball pythons (D:1)
  3 bats (D:1)
  5 endoplasms
  7 goblins
  4 hobgoblins
  2 kobolds
  3 rats (D:1)
30 creatures vanquished.

Notes
Turn   | Place    | Note
-------+----------+-------------------------------------------
     0 | D:1      | Hyperenough the Spriggan Conjurer began the quest for the
                  | Orb.
     0 | D:1      | Reached XP level 1. HP: 9/9 MP: 5/5
   310 | D:1      | Reached XP level 2. HP: 13/13 MP: 6/6
  1044 | D:2      | Found a faded altar of an unknown god.
  1053 | D:2      | Reached XP level 3. HP: 12/16 MP: 3/8
  1107 | D:2      | Noticed Robin
  1253 | D:2      | Killed from afar by Robin

Illustrated notes

Levels and vault maps discovered:
D:1:      eino_arrival_water_star, layout_loops_ring
D:2:      layout_loops_cross, hellmonk_ecumenical_altar_run_dry,
          hangedman_decor_slide_cut, hangedman_decor_clover_reticule,
          minmay_rat_gold_closets, uniq_robin, uniq_natasha

Skill      XL: |  1  2 |
---------------+-------+-----
Conjurations   | 3 |  3.4
Dodging        | 3 |  3.2
Spellcasting   | 3 |  3.1
Fighting       | |  0.2
Stealth        | |  3.8

Action                   || total
-------------------------++-------
Melee: Dagger            ||    59
       Punch             ||     1
 Cast: Magic Dart        ||    47
  Use: Potion            ||     1
       Scroll            ||     1
Armor: Robe              ||     6
Dodge: Dodged            ||    71

Table legend: (Time is in decaauts)
 A = Elapsed time spent in this place.
 B = Non-inter-level travel time spent in this place.
 C = Inter-level travel time spent in this place.
 D = Time resting spent in this place.
 E = Time spent auto-exploring this place.
 F = Levels seen in this place.
 G = Mean time per level.
                   A        B        C        D        E       F      G
               +--------+--------+--------+--------+--------+-----+--------+
         Total |    975 |    965 |     10 |    273 |    420 |   2 |  487.5 |
       Dungeon |    975 |    965 |     10 |    273 |    420 |   2 |  487.5 |
               +--------+--------+--------+--------+--------+-----+--------+

Top non-repeatable levels by time:
     D:1: 898 daAuts
     D:2: 77 daAuts
